 Dungeon Crawl Stone Soup version 0.23.0-3-gf3c87f2 (webtiles) character file.

Game seed: 9178170089279124909

352 Gorice the Chopper (level 6, -3/47 HPs)
             Began as a Demonspawn Monk on Feb 20, 2019.
             Slain by a worm (8 damage)
             ... on level 4 of the Dungeon.
             The game lasted 00:08:56 (3746 turns).

Gorice the Chopper (Demonspawn Monk)                Turns: 3746, Time: 00:08:57

Health: -3/47      AC: 16    Str: 14    XL:     6   Next: 34%
Magic:  6/6        EV:  6    Int: 11    God:
Gold:   108        SH:  3    Dex: 15    Spells: 5/5 levels left

rFire    . . .     SeeInvis .   a - +1 hand axe
rCold    . . .     Gourm    .   n - +0 buckler (curse)
rNeg     . . .     Faith    .   k - +0 chain mail
rPois    .         Spirit   .   (no helmet)
rElec    .         Reflect  .   (no cloak)
rCorr    .         Harm     .   (no gloves)
MR       .....                  l - +1 pair of boots
Stlth    ..........             (no amulet)
HPRegen  0.15/turn              (no ring)
MPRegen  0.10/turn              (no ring)

@: sanguine armour, very slightly contaminated
A: demonic guardian 1, nightstalker 1, sanguine armour 1
a: no special abilities


You were on level 4 of the Dungeon.
You were not hungry.

You visited 1 branch of the dungeon, and saw 4 of its levels.

You collected 108 gold pieces.

Inventory:

Hand Weapons
 a - a +1 hand axe (weapon)
 g - a +0 war axe
Missiles
 f - 45 sling bullets
 q - 8 tomahawks (quivered)
 Y - 84 stones
 Z - a throwing net {!f}
Armour
 b - a +0 robe
 k - a +0 chain mail (worn)
 l - a +1 pair of boots (worn)
 n - a cursed +0 buckler (worn)
Scrolls
 m - a scroll of enchant weapon
Potions
 i - a potion of brilliance {unknown}
 j - a potion of lignification {unknown}
Comestibles
 c - 12 rations
 d - 6 chunks of flesh


   Skills:
 - Level 3.0 Fighting
 * Level 6.6 Axes
 - Level 2.6 Dodging
 - Level 1.7 Stealth


You had 5 spell levels left.
You didn't know any spells.
Your spell library was empty.

Dungeon Overview and Level Annotations

Branches:
Dungeon (4/15)
 Temple: D:4-7

Altars:


Innate Abilities, Weirdness & Mutations

A weak demonic guardian rushes to your aid.
You are slightly more attuned to the shadows.
When seriously injured, your bleeding wounds create armour. (AC +6)


Message History

The ogre is severely wounded.
You hit the worm. The ogre barely misses you. The worm bites you.
Unknown command.
Damage: 4 (max 13)
You hit the ogre.
The ogre is severely wounded.
You hit the worm. The ogre barely misses you.
Unknown command.
You barely miss the ogre.
The ogre is severely wounded.
You hit the worm but do no damage. The worm closely misses you.
The ogre barely misses you.
You barely miss the ogre.
The ogre is severely wounded.
You hit the worm. The worm bites you but does no damage.
Unknown command.
You catch the helpless ogre completely off-guard!
You hit the ogre but do no damage.
The ogre is severely wounded.
You hit the worm. The ogre hits you with a +0 giant club!
* * * LOW HITPOINT WARNING * * *
Damage: 16 (max 16)
You closely miss the ogre.
The ogre is severely wounded.
You completely miss the worm.
You flicker back into view.
You block the ogre's attack. The worm bites you but does no damage.
You barely miss the ogre.
The ogre is severely wounded.
You hit the worm. The ogre hits you but does no damage.
Unknown command.
Your chain mail prevents you from hitting the ogre.
The ogre is severely wounded.
You slash the worm! The worm bites you but does no damage.
The ogre barely misses you.
You slash the ogre!
You kill the ogre!
Your shield and chain mail prevent you from hitting the worm.
Your iron imp misses the orc.
The worm bites you.
* * * LOW HITPOINT WARNING * * *
Damage: 3 (max 16)
Your iron imp hits the orc!
The orc dies!
You see here a +0 giant club.
Your iron imp barely misses the worm.
You see here a +0 giant club.
You hit the worm.
The worm is severely wounded.
The worm bites you!
You die...

#...###...#...
##...##....#..# #
...........##.# .#..
...........#..## #...#
..)........##..###.#..#
......#÷.####...#......
......#..####..##...##
##..##...............#
#...##.....#.#†@##....
#.........#####w# #.
##.......## #5#
.......... .).
...#......# .....
..##......# ..##... ..
#......##.. .... #..
#.#.. .. .##..


You could see a worm and a friendly iron imp.

Vanquished Creatures
  An ogre (D:4)
  A phantom (D:4)
  A hound (D:4)
  A worker ant (D:4)
  3 adders
  2 oozes
  3 worms (D:2)
  3 dart slugs
  2 leopard geckos
  3 orcs (D:4)
  9 bats
  5 giant cockroaches
  7 hobgoblins
  7 jackals (D:4)
  9 kobolds
  3 quokkas
  3 frilled lizards
  7 goblins
  5 rats
75 creatures vanquished.

Vanquished Creatures (collateral kills)
  A worker ant (D:4)
  2 orcs (D:4)
3 creatures vanquished.

Grand Total: 78 creatures vanquished

Notes
Turn   | Place    | Note
-------+----------+-------------------------------------------
     0 | D:1      | Gorice the Demonspawn Monk began the quest for the Orb.
     0 | D:1      | Reached XP level 1. HP: 18/18 MP: 1/1
   244 | D:1      | Reached skill level 3 in Axes
   251 | D:1      | Gained mutation: When seriously injured, your bleeding
                  | wounds create armour. (AC +6) [demonic ancestry]
   251 | D:1      | Reached XP level 2. HP: 9/24 MP: 2/2
   912 | D:1      | Reached XP level 3. HP: 27/29 MP: 3/3
  1411 | D:2      | Reached skill level 4 in Axes
  1535 | D:2      | HP: 8/29 [poisoned by an adder]
  1637 | D:2      | HP: 2/29 [worm (8)]
  1934 | D:2      | Reached XP level 4. HP: 35/35 MP: 4/4
  2434 | D:2      | HP: 10/35 [poisoned by an adder]
  2441 | D:2      | HP: 8/35 [poisoned by an adder]
  2448 | D:2      | HP: 7/35 [poisoned by an adder]
  2456 | D:2      | HP: 6/35 [poisoned by an adder]
  3379 | D:3      | Reached skill level 5 in Axes
  3628 | D:4      | Gained mutation: A weak demonic guardian rushes to your
                  | aid. [demonic ancestry]
  3628 | D:4      | Reached XP level 5. HP: 21/41 MP: 5/5
  3635 | D:4      | HP: 12/41 [worker ant (5)]
  3642 | D:4      | HP: 10/41 [poisoned by a worker ant]
  3650 | D:4      | HP: 9/41 [poisoned by a worker ant]
  3696 | D:4      | HP: 12/41 [jackal (2)]
  3697 | D:4      | Noticed a phantom
  3720 | D:4      | Noticed an ogre
  3724 | D:4      | HP: 11/41 [phantom (3)]
  3729 | D:4      | Killed a phantom
  3729 | D:4      | Reached skill level 6 in Axes
  3731 | D:4      | Gained mutation: You are slightly more attuned to the
                  | shadows. [demonic ancestry]
  3731 | D:4      | Reached XP level 6. HP: 26/47 MP: 6/6
  3738 | D:4      | HP: 7/47 [ogre/+0 giant club (17)]
  3746 | D:4      | Slain by a worm

Skill      XL: |  1  2  3  4  5 |
---------------+----------------+-----
Axes           | 3 4 5 6 |  6.6
Fighting       | |  3.0
Dodging        | |  2.6
Stealth        | |  1.7

Action                   |  1- 3 |  4- 6 || total
-------------------------+-------+-------++-------
Melee: Hand axe          |   154 |   137 ||   291
       War axe           |       |    13 ||    13
Throw: Stone             |     5 |     7 ||    12
       Tomahawk          |       |     2 ||     2
  Use: Scroll            |       |    10 ||    10
       Potion            |       |     2 ||     2
 Stab: Sleeping          |     7 |     3 ||    10
       Invisible         |       |     4 ||     4
  Eat: Chunk             |     3 |     6 ||     9
Armor: Robe              |    35 |     4 ||    39
       Chain mail        |       |    83 ||    83
Dodge: Dodged            |   102 |    67 ||   169
Block: Buckler           |       |    14 ||    14

Table legend:
 A = Turns spent in this place as a percentage of turns spent in the entire game.
 B = Non-inter-level travel turns spent in this place as a percentage of non-inter-level travel turns spent in the entire game.
 C = Inter-level travel turns spent in this place as a percentage of turns spent in this place.
 D = Turns resting spent in this place as a percentage of non-inter-level travel turns spent in this place.
 E = Turns spent auto-exploring this place as a percentage of non-inter-level travel turns spent in this place.
 F = Non-inter-level travel turns spent in this place divided by the number of levels of this place that you've seen.
                   A       B       C       D       E      F
               +-------+-------+-------+-------+-------+----------------------
         Total | 100.0 | 100.0 |   4.0 |  32.6 |  41.3 | 899.0
       Dungeon | 100.0 | 100.0 |   4.0 |  32.6 |  41.3 | 899.0
               +-------+-------+-------+-------+-------+----------------------

Levels and vault maps discovered:
D:1:      saegor_arrival_miasma, layout_loops_corners
D:2:      layout_loops_cross, chequers_serial_rivers_micro_a
D:3:      layout_loops_ring, first_ration
D:4:      layout_cave_pools, overflow_temple_1_default,
          chequers_ossuary_entry_cave, minmay_bent
